Unix NetHack Version 5.0.0-0 post-release - last build May 17 2026 04:57:42 (dc50c8380fa5e20985bfe3072449f57b8d9895ef,branch:main).

Game began 2026-05-15 14:54:47, ended 2026-05-18 04:54:10.

2932467751, lawful male dwarven Caveman

 ---------
 |........####
 |.......|   #
 |.......-#  #
 |.......|#  #
 |.......|#  #
 ---------#  #
          #  #
          #   `
          #  #
         ##  #
       ###   #
       #     ###
       #       d
       #-------@
       #...{..|#
        |...<.-#
        -------

2932467751 the Aborigine  St:18/02 Dx:13 Co:12 In:9 Wi:12 Ch:7  Lawful
Dlvl:3  $:23 HP:0(38) Pw:8(8) AC:8  Xp:3 T:2525  Starved  Deaf

Latest messages:
 You can hear again.
 You swap places with Slasher.
 You faint from lack of food.
 Slasher is confused from hunger.
 Slasher bites!
 Slasher bites!
 You regain consciousness.
 You swap places with Slasher.
 You can hear again.
 Slasher misses the hobbit.
 Slasher misses the hobbit.
 You faint from lack of food.
 Slasher bites!
 Slasher bites!
 Slasher bites!
 Slasher bites!
 Slasher bites!
 Slasher bites!
 Slasher bites!
 You regain consciousness.
 You swap places with Slasher.
 You faint from lack of food.
 Slasher misses the hobbit.
 Slasher misses the hobbit.
 Slasher bites the hobbit.
 The hobbit misses Slasher.
 Slasher misses the hobbit.
 You regain consciousness.
 You faint from lack of food.
 You regain consciousness.
 You can hear again.
 You feel fragile!
 You haven't been watching your health.
 You faint from lack of food.
 You regain consciousness.
 You faint from lack of food.
 You regain consciousness.
 You swap places with the peaceful hobbit.
 Slasher bites the hobbit.
 The hobbit is killed!
 Slasher eats a hobbit corpse.
 You swap places with Slasher.
 l - a sling.
 You faint from lack of food.
 You die from starvation.
 Do you want your possessions identified? [ynq] (y) y
 Do you want to see your attributes? [ynq] (y) y
 Do you want an account of creatures vanquished? [ynaq] (y) y
 Do you want to see your conduct and achievements? [ynq] (y) y
 Do you want to see the dungeon overview? [ynq] (y) y

Inventory:
 Coins    ('$')
  $ - 23 gold pieces
 Weapons  (')')
  b - a +2 sling (alternate weapon; not wielded)
  g - a +0 sling
  l - a +0 sling
  k - 4 +0 darts
  p - a +0 elven dagger
  a - a +1 club (weapon in right hand)
  j - a +0 bec de corbin
 Armor    ('[')
  e - a blessed +0 leather armor (being worn)
 Potions  ('!')
  i - a blessed potion of sleeping
 Wands    ('/')
  h - a wand of teleportation (0:8)
 Tools    ('(')
  f - an uncursed sack containing 1 item
 Gems/Stones  ('*')
  c - 21 uncursed flint stones (in quiver pouch)
  d - 22 uncursed rocks

Contents of the sack:
  a cursed amulet of restful sleep

2932467751 the Caveman's attributes:

Background:
 You were an Aborigine, a level 3 dwarven Caveman.
 You were lawful, nominally on a mission for Anu
 who was opposed by Ishtar (neutral) and Anshar (chaotic).
 You were right-handed.
 You were in the Dungeons of Doom, on level 3.
 You entered the dungeon 2525 turns ago.
 It was nighttime.
 There was a new moon in effect when your adventure ended.
 You had 75 experience points, 5 more were needed to attain level 4.

Basics:
 You had 0 out of 38 hit points.
 You had all 8 energy points (spell power).
 Your armor class was 8.
 Your wallet contained 23 zorkmids.
 Autopickup was off.

Final Characteristics:
 Your strength was 18/02 (base:18/03, limit:18/100).
 Your dexterity was 13 (limit:20).
 Your constitution was 12 (peak:13, limit:20).
 Your intelligence was 9 (limit:16).
 Your wisdom was 12 (limit:16).
 Your charisma was 7 (limit:16).

Final Status:
 You were deaf.
 You were starved.
 You were unencumbered.
 You were wielding a club.
 You had basic skill with club.

Final Attributes:
 You were devoutly aligned.
 You had infravision.
 You were warded.
 You are dead.

Miscellaneous:
 You didn't encounter any bones levels.
 Total elapsed playing time was 55 minutes and 13 seconds.

Major events:
 Turn
    1: 2932467751 the lawful dwarven Caveman entered the dungeon
  700: attained the rank of Aborigine (level 3)
 2525: died of starvation, while fainted

You didn't know any spells.

Skills:
 Fighting Skills
   bare handed combat [Basic]
 Weapon Skills
   dagger             [Unskilled]
   knife              [Unskilled]
   axe                [Unskilled]
   pick-axe           [Unskilled]
   club               [Basic]
   mace               [Unskilled]
   morning star       [Unskilled]
   flail              [Unskilled]
   hammer             [Unskilled]
   quarterstaff       [Unskilled]
   polearms           [Unskilled]
   spear              [Unskilled]
   trident            [Unskilled]
   bow                [Unskilled]
   sling              [Basic]
   boomerang          [Unskilled]
   unicorn horn       [Unskilled]
 Spellcasting Skills
   attack spells      [Unskilled]
   matter spells      [Unskilled]

Voluntary challenges:
 Character rerolling was not enabled.
 You followed a strict vegan diet.
 You were an atheist.
 You were illiterate.
 You never genocided any monsters.
 You never polymorphed an object.
 You never changed form.
 You used no wishes.
Achievement:
 You attained the rank of Aborigine.

 The Dungeons of Doom: levels 1 to 3
    Level 1:
       A sink.
    Level 2:
       A fountain.
    Level 3: <- You were here.
       A fountain.
       Final resting place for
          you, died of starvation, while fainted.


Vanquished creatures:
  a werejackal
  2 hobbits
  a large kobold
  2 giant rats
  a yellow mold
  a gecko
  a kobold
  4 goblins
  3 sewer rats
  2 grid bugs
  6 lichens
  6 newts
30 creatures vanquished.

No species were genocided or became extinct.

Game over:
                       ----------
                      /          \
                     /    REST    \
                    /      IN      \
                   /     PEACE      \
                  /                  \
                  |    2932467751    |
                  |      23 Au       |
                  |     died of      |
                  |    starvation    |
                  |                  |
                  |                  |
                  |       2026       |
                 *|     *  *  *      | *
        _________)/\\_//(\/(/\)/\//\/|_)_______

Goodbye 2932467751 the Caveman...

You starved in The Dungeons of Doom on dungeon level 3 with 421 points,
and 23 pieces of gold, after 2525 moves.
You were level 3 with a maximum of 38 hit points when you starved.

